 Dungeon Crawl Stone Soup version 0.31-a0-765-g67fe2935dc (console) character file.

Game seed: 11344556654440320563

39162 jejorda2 the Cleaver (level 14, 0/113 HPs)
             Began as a Gnoll Berserker on Sept 15, 2023.
             Was an Elder of Trog.
             Slain by a death yak (4 damage)
             ... on level 3 of the Lair of Beasts.
             The game lasted 00:40:20 (11765 turns).

jejorda2 the Cleaver (Gnoll Berserker)             Turns: 11765, Time: 00:40:21

Health: 0/113      AC: 24    Str: 21    XL:     14   Next: 5%
Magic:  27/27      EV: 10    Int: 11    God:    Trog [****..]
Gold:   898        SH:  0    Dex: 13    Spells: 31/31 levels left

rFire   + + +        b - +0 broad axe (protect)
rCold   + + .        g - orb {light}
rNeg    . . .        M - +4 plate armour
rPois   .            T - +0 helmet
rElec   .            N - +0 cloak
rCorr   .            s - +2 pair of gloves of Makhleb's Pride {rF+}
SInv    .            (no boots)
Will    +....        i - amulet "Mal Oxkar" {rF+ Regen+ Int+2 Stlth+}
Stlth   +            J - ring "Vidamman" {rF+ rC+ Int+3 Slay+2}
HPRegen 1.18/turn    v - ring of protection from cold
MPRegen 0.20/turn

%: no passive effects
@: lethally poisoned (0 -> -1), on berserk cooldown, slowed, glowing, very slow
A: fangs 1, strong nose, distributed training
a: Renounce Religion, Berserk, Trog's Hand, Brothers in Arms


You were on level 3 of the Lair of Beasts.
You worshipped Trog.
Trog was greatly pleased with you.
You visited 2 branches of the dungeon, and saw 14 of its levels.
You also visited: Ice Cave.

You collected 898 gold pieces.

Inventory:

Hand Weapons
 a - the +8 sling "Taibuc" {freeze, Will++}
   (You found it on level 2 of the Dungeon)

   Will++:    It greatly increases your willpower.
 b - a +0 broad axe of protection (weapon)
 w - a +1 war axe of flaming
 O - a +0 battleaxe
Missiles
 p - 50 poisoned darts
 E - 8 curare-tipped darts
 G - 2 throwing nets
 H - 14 boomerangs
 K - 3 javelins
Armour
 g - an orb of light (worn)
 s - the +2 pair of gloves of Makhleb's Pride (worn) {rF+}
   (You found it on level 7 of the Dungeon)

   rF+:       It protects you from fire.
 I - a +3 scale mail of poison resistance
 M - a +4 plate armour (worn)
 N - a +0 cloak (worn)
 T - a +0 helmet (worn)
Jewellery
 i - the amulet "Mal Oxkar" (around neck) {rF+ Regen+ Int+2 Stlth+}
   (You found it on level 2 of the Dungeon)

   [amulet of regeneration]

   Int+2:     It affects your intelligence (+2).
   rF+:       It protects you from fire.
   Regen+:    It increases your rate of health regeneration.
   Stlth+:    It makes you more stealthy.
 n - a ring of positive energy
 v - a ring of protection from cold (right hand)
 A - a +4 ring of protection
 J - the ring "Vidamman" (left hand) {rF+ rC+ Int+3 Slay+2}
   (You found it on level 8 of the Dungeon)

   [ring of protection from fire]

   Int+3:     It affects your intelligence (+3).
   Slay+2:    It affects your accuracy & damage with ranged weapons and melee
   (+2).
   rF+:       It protects you from fire.
   rC+:       It protects you from cold.
Wands
 t - a wand of digging (4)
 x - a wand of flame (71)
 C - a wand of light (14)
 R - a wand of roots (8)
Scrolls
 d - 2 scrolls of blinking
 l - 6 scrolls of identify
 y - a scroll of poison
 P - 3 scrolls of teleportation
 S - a scroll of fog
 U - a scroll of immolation
 V - a scroll of fear
Potions
 c - 5 potions of haste
 h - a potion of heal wounds
 j - 3 potions of enlightenment
 k - 4 potions of attraction
 m - 5 potions of curing
 q - a potion of ambrosia
 u - 2 potions of lignification
 z - 2 potions of invisibility
 B - 2 potions of mutation
 F - 3 potions of might


   Skills:
 + Level 11.1 Fighting
 + Level 9.0 Short Blades
 + Level 9.0 Long Blades
 + Level 11.1 Axes
 + Level 9.0 Maces & Flails
 + Level 9.0 Polearms
 + Level 9.0 Staves
 + Level 9.0 Ranged Weapons
 + Level 9.0 Throwing
 + Level 10.1 Armour
 + Level 10.1 Dodging
 + Level 9.0 Stealth
 + Level 9.0 Shields
 + Level 9.0 Unarmed Combat
 + Level 9.0 Spellcasting
 + Level 7.5 Conjurations
 + Level 7.5 Hexes
 + Level 7.5 Summonings
 + Level 7.5 Necromancy
 + Level 7.5 Translocations
 + Level 7.5 Transmutations
 + Level 7.5 Fire Magic
 + Level 7.5 Ice Magic
 + Level 7.5 Air Magic
 + Level 7.5 Earth Magic
 + Level 7.5 Poison Magic
 + Level 9.8 Invocations
 + Level 9.0 Evocations
 + Level 8.2 Shapeshifting


You had 31 spell levels left.
You didn't know any spells.
Your spell library was empty.

Dungeon Overview and Level Annotations

Branches:
Dungeon (11/15)            Temple (0/1) D:4            Lair (3/5) D:11
  Swamp (0/4) Lair:3        Snake (0/4) Lair:2          Orc (0/2) D:11
  IceCv (visited)

Altars:
Cheibriados
Dithmenos
Elyvilon
Fedhas
Gozag
Hepliaklqana
Nemelex Xobeh
Uskayaw
Vehumet
Wu Jian
Yredelemnul
Zin


Innate Abilities, Weirdness & Mutations

You have very sharp teeth.
Your uncanny sense of smell can sniff out nearby items.
Your experience applies equally to all skills.


Message History

The death yak gores you!! The wolf barely misses you.
You slice the death yak!! You bite the death yak.
The death yak is almost dead.
You slice the cane toad!! You slice the wolf!!
You kill the wolf!
Trog accepts your kill.
You slash the death yak!
You kill the death yak!
Trog accepts your kill. The cane toad stings you!
* * * LOW HITPOINT WARNING * * *
You are more poisoned.
The cane toad poisons you!
The death yak gores you but does no damage.
The wolf closely misses you.
You slice the cane toad!!
You kill the cane toad!
Trog accepts your kill.
You slice the wolf!!
You kill the wolf!
Trog accepts your kill.
You slash the death yak!
You are no longer berserk.
You are exhausted.
You feel yourself slow down.
You feel very sick.
You feel very sick.
The death yak attacks as it pursues you!
The death yak gores you but does no damage.
You see here a cane toad corpse.
You feel very sick.
You feel sick. The death yak gores you!
* * * LOW HITPOINT WARNING * * *
The death yak gores you!
* * * LOW HITPOINT WARNING * * *
There is a stone staircase leading up, spattered with blood here.
You feel sick.
The death yak gores you but does no damage.
The death yak gores you.
You die...

...... ............
...... ..............
...... .............
....... ............
........ ...........#
........ .........††##
....... #.......Y.†..#
....P####.......YY†..#
................@...##
....................#
...#..#.............#
.........§§§........#
#...##.§.§§§........#
##...##§#§#§.P.....##
#......§§§§..###...##
......##P.##. #.....#
......# #.### ##....#
∆


You could see 3 death yaks.

Vanquished Creatures
  Gastronok (Lair:1)
  A fire giant (D:11)
  A reaper (Lair:1)
  Snorg (D:10)
  A fire dragon (D:11)
  2 centaur warriors
  2 hydras
  A two-headed ogre (D:11)
  A boulder beetle (Lair:1)
  3 death yaks (Lair:3)
  A catoblepas (Lair:3)
  The ghost of ytrimaz the Covert, a journeyman OpSh of Ashenzari (D:9)
  An orc knight (D:11)
  A wizard (D:11)
  A deep elf pyromancer (D:10)
  A cyclops (D:10)
  2 ugly things (IceCv)
  2 manticores
  2 ice statues (IceCv)
  A guardian serpent (Lair:2)
  A black mamba (Lair:1)
  2 gargoyles
  An unseen horror (D:11)
  Maggie (Lair:2)
  8 cane toads
  4 rime drakes
  4 komodo dragons
  A yaktaur (D:10)
  A troll (shapeshifter) (D:10)
  7 trolls
  A hornet (shapeshifter) (D:10)
  3 polar bears
  Grinder (D:3)
  A hornet (D:8)
  8 blink frogs
  A centaur simulacrum (D:10)
  A vampire (D:11)
  2 shadows (D:11)
  3 wraiths
  Grum (Lair:1)
  25 yaks
  2 steam dragons
  A human (Lair:1)
  4 wyverns
  2 basilisks
  A vampire mosquito (D:8)
  A warg (D:9)
  The ghost of hgbash the Conjurer, an amateur OpCj (D:3)
  3 acid dragons
  12 water moccasins
  2 ice beasts
  2 sky beasts
  7 orc warriors
  2 ogres
  A black bear (D:6)
  8 wolves
  9 centaurs
  5 kobold brigands
  9 bullfrogs
  4 gnoll sergeants
  3 scorpions
  A water moccasin zombie (D:3)
  3 cane toad simulacra (IceCv)
  16 wights
  7 killer bees
  2 jellies (D:8)
  5 hounds
  2 gnoll boudas (D:5)
  8 orc priests
  3 iguanas
  6 orc wizards
  4 hell rats (Lair:2)
  A hound zombie (D:3)
  24 gnolls
  5 adders
  A shadow imp (D:4)
  3 ufetubi
  4 worms
  2 dart slugs
  32 orcs
  6 ball pythons
  A bat (D:3)
  9 endoplasms
  A giant cockroach (D:1)
  8 hobgoblins
  2 jackals (D:1)
  24 kobolds
  2 quokkas (D:1)
  6 frilled lizards
  13 goblins
  6 rats
390 creatures vanquished.

Vanquished Creatures (collateral kills)
  2 orc warriors (D:9)
  2 orcs (D:9)
4 creatures vanquished.

Vanquished Creatures (others)
  An orc wizard (D:9)
1 creature vanquished.

Grand Total: 395 creatures vanquished

Notes
Turn   | Place    | Note
-------+----------+-------------------------------------------
     0 | D:1      | jejorda2 the Gnoll Berserker began the quest for the Orb.
     0 | D:1      | Reached XP level 1. HP: 23/23 MP: 1/1
    64 | D:1      | Reached XP level 2. HP: 23/29 MP: 2/2
   320 | D:1      | Reached XP level 3. HP: 6/35 MP: 3/3
   481 | D:1      | Found a faded altar of an unknown god.
   614 | D:1      | Reached skill level 1 in Invocations
  1026 | D:2      | Reached ** piety under Trog
  1106 | D:2      | Identified the +8 sling "Taibuc" {freeze, Will++}
  1206 | D:2      | Reached skill level 1 in Short Blades
  1206 | D:2      | Reached skill level 1 in Long Blades
  1206 | D:2      | Reached skill level 1 in Maces & Flails
  1206 | D:2      | Reached skill level 1 in Polearms
  1206 | D:2      | Reached skill level 1 in Staves
  1206 | D:2      | Reached skill level 1 in Ranged Weapons
  1206 | D:2      | Reached skill level 1 in Throwing
  1206 | D:2      | Reached skill level 1 in Stealth
  1206 | D:2      | Reached skill level 1 in Shields
  1206 | D:2      | Reached skill level 1 in Unarmed Combat
  1206 | D:2      | Reached skill level 1 in Spellcasting
  1206 | D:2      | Reached skill level 1 in Evocations
  1228 | D:2      | Identified the amulet "Mal Oxkar" {rF+ Regen+ Int+2 Stlth+}
  1654 | D:3      | Reached skill level 1 in Shapeshifting
  1654 | D:3      | Reached XP level 4. HP: 38/40 MP: 5/5
  1679 | D:3      | Noticed Grinder
  1705 | D:3      | Killed Grinder
  1706 | D:3      | Reached skill level 5 in Armour
  1706 | D:3      | Reached skill level 5 in Dodging
  1706 | D:3      | Reached skill level 1 in Conjurations
  1706 | D:3      | Reached skill level 1 in Hexes
  1706 | D:3      | Reached skill level 1 in Summonings
  1706 | D:3      | Reached skill level 1 in Necromancy
  1706 | D:3      | Reached skill level 1 in Translocations
  1706 | D:3      | Reached skill level 1 in Transmutations
  1706 | D:3      | Reached skill level 1 in Fire Magic
  1706 | D:3      | Reached skill level 1 in Ice Magic
  1706 | D:3      | Reached skill level 1 in Air Magic
  1706 | D:3      | Reached skill level 1 in Earth Magic
  1706 | D:3      | Reached skill level 1 in Poison Magic
  1706 | D:3      | Reached XP level 5. HP: 47/47 MP: 5/7
  1706 | D:3      | Reached XP level 6. HP: 53/53 MP: 5/8
  2208 | D:3      | Found a runed translucent gate.
  2208 | D:3      | Found a runed translucent gate.
  2208 | D:3      | Found a runed translucent gate.
  2208 | D:3      | Noticed hgbash's ghost (amateur OpCj)
  2210 | D:3      | Found a basalt altar of Yredelemnul.
  2462 | D:3      | Killed hgbash's ghost
  2463 | D:3      | Reached XP level 7. HP: 60/60 MP: 10/10
  2556 | D:4      | Reached *** piety under Trog
  2731 | D:4      | Found a staircase to the Ecumenical Temple.
  2941 | D:4      | Found a glowing silver altar of Zin.
  3021 | D:5      | Entered Level 5 of the Dungeon
  3063 | D:4      | Reached XP level 8. HP: 34/67 MP: 12/12
  3207 | D:5      | Reached **** piety under Trog
  3321 | D:5      | Identified the +2 robe of Creativity {*Corrode rPois rF+}
  3691 | D:6      | Reached XP level 9. HP: 73/73 MP: 14/14
  4957 | D:7      | Identified the +2 pair of gloves of Makhleb's Pride {rF+}
  5452 | D:8      | Reached skill level 5 in Invocations
  5511 | D:8      | Identified the ring "Vidamman" {rF+ rC+ Int+3 Slay+2}
  5542 | D:8      | Noticed a troll
  5543 | D:8      | Noticed a hornet
  5555 | D:8      | Killed a hornet
  5556 | D:8      | Reached XP level 10. HP: 75/80 MP: 17/17
  5559 | D:8      | Reached skill level 5 in Short Blades
  5559 | D:8      | Reached skill level 5 in Long Blades
  5559 | D:8      | Reached skill level 5 in Maces & Flails
  5559 | D:8      | Reached skill level 5 in Polearms
  5559 | D:8      | Reached skill level 5 in Staves
  5559 | D:8      | Reached skill level 5 in Ranged Weapons
  5559 | D:8      | Reached skill level 5 in Throwing
  5559 | D:8      | Reached skill level 5 in Stealth
  5559 | D:8      | Reached skill level 5 in Shields
  5559 | D:8      | Reached skill level 5 in Unarmed Combat
  5559 | D:8      | Reached skill level 5 in Spellcasting
  5559 | D:8      | Reached skill level 5 in Evocations
  5656 | D:9      | Found a runed translucent gate.
  5656 | D:9      | Found a runed translucent gate.
  5659 | D:9      | Noticed ytrimaz's ghost (journeyman OpSh)
  5715 | D:8      | Noticed a manticore
  5726 | D:8      | Killed a manticore
  5877 | D:8      | Reached skill level 5 in Shapeshifting
  6254 | D:9      | Found a runed translucent gate.
  6600 | D:9      | Reached XP level 11. HP: 78/87 MP: 19/19
  6829 | D:9      | Killed ytrimaz's ghost
  6830 | D:9      | Reached skill level 5 in Conjurations
  6830 | D:9      | Reached skill level 5 in Hexes
  6830 | D:9      | Reached skill level 5 in Summonings
  6830 | D:9      | Reached skill level 5 in Necromancy
  6830 | D:9      | Reached skill level 5 in Translocations
  6830 | D:9      | Reached skill level 5 in Transmutations
  6830 | D:9      | Reached skill level 5 in Fire Magic
  6830 | D:9      | Reached skill level 5 in Ice Magic
  6830 | D:9      | Reached skill level 5 in Air Magic
  6830 | D:9      | Reached skill level 5 in Earth Magic
  6830 | D:9      | Reached skill level 5 in Poison Magic
  6897 | D:10     | Entered Level 10 of the Dungeon
  6900 | D:10     | Found a radiant altar of Vehumet.
  6901 | D:10     | Found a white marble altar of Elyvilon.
  6901 | D:10     | Found a hide-covered altar of Uskayaw.
  6902 | D:10     | Found a snail-covered altar of Cheibriados.
  6909 | D:10     | Found a sparkling altar of Nemelex Xobeh.
  6910 | D:10     | Found a hazy altar of Hepliaklqana.
  6910 | D:10     | Found a blossoming altar of Fedhas.
  7006 | D:10     | Found an opulent altar of Gozag.
  7007 | D:10     | Found an ornate altar of the Wu Jian Council.
  7012 | D:10     | Found a shadowy altar of Dithmenos.
  7178 | D:10     | Noticed an entropy weaver
  7181 | D:10     | Noticed a cyclops
  7182 | D:10     | Noticed a deep elf pyromancer
  7183 | D:10     | Noticed a centaur warrior
  7206 | D:10     | Noticed a harpy
  7238 | D:10     | Reached ***** piety under Trog
  7265 | D:10     | Killed a centaur warrior
  7274 | D:10     | Killed a cyclops
  7281 | D:10     | Killed a deep elf pyromancer
  7285 | D:10     | Identified the +4 dagger "Lavyxag" {freeze, *Slow +Blink
                  | rCorr Str-2}
  7445 | D:10     | Noticed Snorg
  7461 | D:10     | Killed Snorg
  7840 | D:11     | Noticed a manticore
  7848 | D:11     | Killed a manticore
  7927 | D:11     | Noticed a wizard
  7942 | D:11     | Killed a wizard
  7943 | D:11     | Reached XP level 12. HP: 96/96 MP: 22/22
  8194 | D:11     | Found a staircase to the Lair.
  8282 | D:11     | Found a staircase to the Orcish Mines.
  8521 | D:11     | Noticed a fire dragon
  8534 | D:11     | Killed a fire dragon
  8598 | D:11     | Noticed a two-headed ogre
  8608 | D:11     | Killed a two-headed ogre
  8609 | D:11     | Reached skill level 10 in Fighting
  8609 | D:11     | Reached skill level 10 in Axes
  8661 | D:11     | Noticed a death knight
  8787 | D:11     | Noticed a centaur warrior
  8799 | D:11     | Killed a centaur warrior
  8803 | D:11     | Noticed a fire giant
  8813 | D:11     | Killed a fire giant
  9125 | Lair:1   | Entered Level 1 of the Lair of Beasts
  9218 | Lair:1   | Found a runed translucent door.
  9519 | Lair:1   | Noticed Gastronok
  9535 | Lair:1   | Reached XP level 13. HP: 104/104 MP: 23/25
  9535 | Lair:1   | Noticed Grum
  9536 | Lair:1   | Killed Gastronok
  9544 | Lair:1   | Killed Grum
 10260 | Lair:1   | Noticed a reaper
 10272 | Lair:1   | Killed a reaper
 10595 | Lair:2   | Found a staircase to the Snake Pit.
 10600 | Lair:2   | Noticed Maggie
 10606 | Lair:2   | Killed Maggie
 11442 | Lair:3   | Found a frozen archway.
 11451 | IceCv    | Entered an ice cave
 11462 | IceCv    | Reached skill level 10 in Armour
 11462 | IceCv    | Reached skill level 10 in Dodging
 11495 | IceCv    | Found a transporter.
 11510 | IceCv    | Found a transporter.
 11692 | Lair:3   | Found a staircase to the Swamp.
 11752 | Lair:3   | Reached XP level 14. HP: 109/113 MP: 26/26
 11764 | Lair:3   | HP: 4/113 [death yak (8)]
 11765 | Lair:3   | Slain by a death yak

Illustrated notes

Levels and vault maps discovered:
D:1:      ncdulo_lavacross, layout_loops_cross,
          hellmonk_ecumenical_altar_inner_sanctum, moated_statue,
          minmay_misc_feat_five
D:2:      layout_loops_cross
D:3:      layout_loops_ring, nicolae_yredelemnul_ghost_church, serial_bayou,
          serial_bayou_ford_a, serial_bayou_lake_a, serial_bayou_pond_a,
          serial_bayou_lagoon_a, uniq_grinder
D:4:      layout_rooms, zin_statuary, minmay_temple_entry_statues_pillars
D:5:      cheibrodos_thug_alley, layout_rooms
D:6:      layout_basic, chequers_serial_rivers_micro_a,
          kennysheep_generic_room_5
D:7:      layout_loops_cross, minmay_misc_feat_hallway, minmay_misc_feat_columns
D:8:      cheibrodos_fzero, layout_cave_pools
D:9:      layout_cave_pools, biasface_ghost_orc_armoury
D:10:     layout_irregular_city, nicolae_overflows_in_rows,
          onia_ninara_dug_in_and_dangerous, uniq_snorg
D:11:     layout_cave_pods, lair_entry_dummy, minmay_orc_entry_temple_small,
          nzn_random_ring
Lair:1:   layout_regular_city, pdpol_lair_cabin_in_the_woods, uniq_gastronok,
          uniq_grum
Lair:2:   layout_hall_layers, minmay_snake_entry_spellcaster,
          infiniplex_staircase_pool_2, uniq_maggie
Lair:3:   dreamdust_labyrinth, layout_gridlike, swamp_mist,
          portal_ice_cave_rime, hibernation_bobbens

Skill      XL: |  1  2  3  4  5  6  7  8  9 10 11 12 13 14 |
---------------+-------------------------------------------+-----
Invocations    | 1 2 3 4 5 6 7 8 9 |  9.8
Short Blades   | 1 2 3 4 5 6 8 9 |  9.0
Long Blades    | 1 2 3 4 5 6 8 9 |  9.0
Maces & Flails | 1 2 3 4 5 6 8 9 |  9.0
Polearms       | 1 2 3 4 5 6 8 9 |  9.0
Staves         | 1 2 3 4 5 6 8 9 |  9.0
Ranged Weapons | 1 2 3 4 5 6 8 9 |  9.0
Throwing       | 1 2 3 4 5 6 8 9 |  9.0
Stealth        | 1 2 3 4 5 6 8 9 |  9.0
Shields        | 1 2 3 4 5 6 8 9 |  9.0
Unarmed Combat | 1 2 3 4 5 6 8 9 |  9.0
Spellcasting   | 1 2 3 4 5 6 8 9 |  9.0
Evocations     | 1 2 3 4 5 6 8 9 |  9.0
Shapeshifting  | 1 2 3 4 5 6 7 8 |  8.2
Armour         | 5 6 7 8 9 10 | 10.1
Dodging        | 5 6 7 8 9 10 | 10.1
Conjurations   | 1 2 3 4 5 6 7 |  7.5
Hexes          | 1 2 3 4 5 6 7 |  7.5
Summonings     | 1 2 3 4 5 6 7 |  7.5
Necromancy     | 1 2 3 4 5 6 7 |  7.5
Translocations | 1 2 3 4 5 6 7 |  7.5
Transmutations | 1 2 3 4 5 6 7 |  7.5
Fire Magic     | 1 2 3 4 5 6 7 |  7.5
Ice Magic      | 1 2 3 4 5 6 7 |  7.5
Air Magic      | 1 2 3 4 5 6 7 |  7.5
Earth Magic    | 1 2 3 4 5 6 7 |  7.5
Poison Magic   | 1 2 3 4 5 6 7 |  7.5
Fighting       | 7 8 9 10 11 | 11.1
Axes           | 7 8 9 10 11 | 11.1

Action                     |  1- 3 |  4- 6 |  7- 9 | 10-12 | 13-15 || total
---------------------------+-------+-------+-------+-------+-------++-------
  Melee: Hand axe          |    75 |     7 |    36 |       |       ||   118
         Bite              |    10 |       |     8 |    53 |    45 ||   116
         Broad axe         |       |       |    24 |   295 |   234 ||   553
         War axe           |       |       |       |       |     8 ||     8
   Fire: Sling             |    19 |    57 |   219 |   222 |   106 ||   623
 Invoke: Berserk           |     1 |     1 |     6 |    10 |     7 ||    25
         Trog's Hand       |       |     2 |     2 |     6 |     3 ||    13
         Brothers in Arms  |       |       |       |     1 |       ||     1
Ability: Begin Untransform |       |       |     1 |       |       ||     1
  Evoke: Wand              |       |       |       |     1 |       ||     1
    Use: Scroll            |       |       |    20 |     3 |     3 ||    26
         Potion            |       |       |       |     1 |       ||     1
   Stab: Sleeping          |     2 |       |       |       |       ||     2
         Petrified         |       |       |       |       |     1 ||     1
 Armour: Animal skin       |    16 |       |       |       |       ||    16
         Chain mail        |     6 |    35 |   172 |    40 |       ||   253
         Leather armour    |     5 |       |       |       |       ||     5
         Plate armour      |       |       |       |   625 |   284 ||   909
  Dodge: Dodged            |    38 |    14 |    85 |   236 |   138 ||   511
   Form: Beast             |       |     1 |       |       |       ||     1

Table legend: (Time is in decaauts)
 A = Elapsed time spent in this place.
 B = Non-inter-level travel time spent in this place.
 C = Inter-level travel time spent in this place.
 D = Time resting spent in this place.
 E = Time spent auto-exploring this place.
 F = Levels seen in this place.
 G = Mean time per level.
                   A        B        C        D        E       F      G
               +--------+--------+--------+--------+--------+-----+--------+
         Total |  12367 |  11861 |    506 |   1626 |   7296 |  15 |  824.5 |
       Dungeon |   9617 |   9186 |    431 |   1119 |   5946 |  11 |  874.3 |
          Lair |   2585 |   2510 |     75 |    426 |   1350 |   3 |  861.7 |
      Ice Cave |    164 |    164 |      0 |     80 |      0 |   1 |  164.0 |
               +--------+--------+--------+--------+--------+-----+--------+

Top non-repeatable levels by time:
    D:11: 1474 daAuts
  Lair:1: 1309 daAuts
     D:6: 1155 daAuts
     D:1: 1016 daAuts
     D:3: 982 daAuts
     D:9: 978 daAuts
    D:10: 867 daAuts
  Lair:2: 801 daAuts
     D:8: 744 daAuts
     D:2: 632 daAuts
     D:5: 614 daAuts
     D:7: 581 daAuts
     D:4: 569 daAuts
  Lair:3: 474 daAuts
   IceCv: 164 daAuts
